 Dungeon Crawl Stone Soup version 0.31.0-32-g396128a36d (webtiles) character file.

Game seed: 17539430450346266785

75653 newgorp the Skirmisher (level 15, -11/106 (114) HPs)
             Began as a Human Hedge Wizard on Apr 23, 2024.
             Was a High Priest of Sif Muna.
             Killed from afar by a ghostly deep elf death mage (43 damage)
             ... with a bolt of negative energy
             ... on level 1 of the Elven Halls.
             The game lasted 03:25:43 (35434 turns).

newgorp the Skirmisher (Human Hedge Wizard)        Turns: 35434, Time: 03:25:44

HP:   -11/106 (114) AC: 14    Str: 10    XL:     15   Next: 50%
MP:   20/29         EV: 15    Int: 21    God:    Sif Muna [*****.]
Gold: 1534          SH:  5    Dex: 14    Spells: 2/34 levels left

rFire   + . .        b - +3 arbalest (heavy)
rCold   . . .        (shield currently unavailable)
rNeg    . . .        H - +0 robe of Watchfulness {Fly rPois Will+}
rPois   +            E - +2 helmet
rElec   .            W - +2 cloak
rCorr   .            Z - +2 pair of gloves
SInv    .            o - +2 pair of boots
Will    ++...        g - amulet of reflection
Stlth   +++          f - ring of protection from fire
HPRegen 0.37/turn    u - +4 ring of slaying
MPRegen 0.21/turn

%: reflection
@: about to teleport, flying, drained
A: explore regen
a: Renounce Religion, Channel Magic, Forget Spell, Divine Exegesis


You were on level 1 of the Elven Halls.
You worshipped Sif Muna.
Sif Muna was extremely pleased with you.
You visited 5 branches of the dungeon, and saw 21 of its levels.

You collected 3336 gold pieces.
You spent 1802 gold pieces at shops.

Inventory:

Hand Weapons
 a - a +3 heavy flail
 b - a +3 heavy arbalest (weapon)
 c - a +0 halberd
 k - a +9 short sword
 p - a +0 arbalest
 C - a +1 heavy broad axe
 I - a +0 shortbow of flaming
Missiles
 t - 4 atropa-tipped darts
 B - 45 poisoned darts
 N - 15 boomerangs
 T - a curare-tipped dart
Armour
 o - a +2 pair of boots (worn)
 w - a +0 troll leather armour
 D - a +2 robe of willpower
 E - a +2 helmet (worn)
 H - the +0 robe of Watchfulness (worn) {Fly rPois Will+}
   (You found it on level 4 of the Dungeon)

   rPois:     It protects you from poison Will+: It increases your willpower.
   Fly:       It grants you flight.
 W - a +2 cloak (worn)
 Z - a +2 pair of gloves (worn)
Magical Staves
 h - a staff of fire
 x - a staff of cold
Jewellery
 f - a ring of protection from fire (left hand)
 g - an amulet of reflection (around neck)
 n - a ring of poison resistance
 u - a +4 ring of slaying (right hand)
 U - a ring of protection from cold
Talismans
 Q - a granite talisman
Wands
 i - a wand of paralysis (1)
 l - a wand of acid (1)
 y - a wand of flame (34)
 z - a wand of iceblast (10)
 G - a wand of digging (5)
 V - a wand of polymorph (6)
Scrolls
 e - 2 scrolls of immolation
 r - a scroll of amnesia
 A - 3 scrolls of enchant armour
 F - 4 scrolls of poison
 J - a scroll of fog
 O - a scroll of revelation
 P - 8 scrolls of identify
 R - 8 scrolls of teleportation
 S - a scroll of silence
 Y - a scroll of summoning
Potions
 d - 2 potions of magic
 j - 2 potions of curing
 m - a potion of might
 q - 2 potions of brilliance
 v - 6 potions of ambrosia
 K - 4 potions of enlightenment
 L - 3 potions of cancellation
 M - 4 potions of lignification
 X - a potion of heal wounds


   Skills:
 + Level 9.5 Fighting
 + Level 0.1 Short Blades
 + Level 2.0(5.1) Axes
 + Level 7.3(7.4) Maces & Flails
 + Level 1.5(2.1) Polearms
 + Level 13.0 Ranged Weapons
 + Level 4.1 Throwing
 + Level 7.5 Dodging
 + Level 7.0 Stealth
 + Level 3.8 Shields
 + Level 10.4 Spellcasting
 + Level 5.8 Conjurations
 + Level 2.8 Hexes
 + Level 5.5 Summonings
 + Level 2.7 Translocations
 + Level 2.1 Ice Magic
 + Level 8.2 Air Magic
 + Level 6.2 Alchemy
 + Level 2.2 Evocations


You had 2 spell levels left.
You knew the following spells:

 Your Spells              Type           Power      Damage    Failure   Level
a - Magic Dart            Conj           100%       1d8       1%          1
b - Call Imp              Summ           68%        N/A       1%          2
c - Mephitic Cloud        Conj/Alch/Air  39%        N/A       1%          3
d - Blink                 Tloc           44%        N/A       3%          2
e - Slow                  Hex            92%        N/A       1%          1
f - Ensorcelled Hibernat  Hex/Ice        42%        N/A       3%          2
g - Static Discharge      Conj/Air       80%        3-7/arc   1%          2
h - Fugue of the Fallen   Necr           11%        N/A       19%         3
i - Summon Lightning Spi  Summ/Air       39%        N/A       3%          4
j - Airstrike             Air            22%        2d(4-20)  2%          4
k - Summon Ice Beast      Ice/Summ       27%        N/A       3%          3
l - Irradiate             Conj/Alch      18%        3d17      14%         5

Your spell library contained the following spells:

 Spells                   Type           Power      Damage    Failure   Level
 Apportation              Tloc           44%        N/A       1%          1
 Foxfire                  Conj/Fire      92%        2x1d8     1%          1
 Shock                    Conj/Air       100%       1d9       1%          1
 Summon Small Mammal      Summ           100%       N/A       1%          1
 Cigotuvi's Dreadful Rot  Necr/Alch/Air  62%        N/A       1%          2
 Jinxbite                 Hex            46%        N/A       2%          2
 Call Canine Familiar     Summ           34%        N/A       1%          3
 Swiftness                Air            45%        N/A       1%          3
 Hailstorm                Conj/Ice       27%        3d8       3%          3
 Vhi's Electric Charge    Tloc/Air       66%        N/A       7%          4
 Inner Flame              Hex/Fire       17%        N/A       11%         3
 Volatile Blastmotes      Fire/Tloc      32%        2d12      11%         3
 Alistair's Intoxication  Alch           24%        N/A       13%         5
 Iskenderun's Battlesphe  Conj           35%        2d9       16%         5
 Sticky Flame             Fire/Alch      24%        2d6       17%         4
 Passwall                 Erth           11%        N/A       19%         3
 Flame Wave               Conj/Fire      23%        2d8       19%         4
 Silence                  Hex/Air        17%        N/A       19%         5
 Summon Blazeheart Golem  Fire/Summ      22%        N/A       21%         4
 Yara's Violent Unravell  Hex/Alch       15%        3d8       26%         5
 Summon Forest            Summ/Tloc      14%        N/A       30%         5
 Anguish                  Hex/Necr       8%         N/A       34%         4
 Conjure Ball Lightning   Conj/Air       20%        3x3d6     47%         6
 Sculpt Simulacrum        Ice/Alch       14%        N/A       86%         6
 Plasma Beam              Fire/Air       14%        2x1d25    87%         6
 Bombard                  Conj/Erth      11%        9d3       96%         6
 Monstrous Menagerie      Summ           17%        N/A       99%         7
 Orb of Destruction       Conj           17%        9d7       99%         7
 Spellforged Servitor     Conj/Summ      17%        N/A       99%         7
 Enfeeble                 Hex            11%        N/A       100%        7
 Ozocubu's Refrigeration  Ice            9%         4d9       100%        7
 Polar Vortex             Ice            9%         12d1*     100%        9


Dungeon Overview and Level Annotations

Branches:
Dungeon (12/15)            Temple (1/1) D:5            Lair (5/5) D:11
  Swamp (0/4) Lair:3       Spider (0/4) Lair:2        Slime (0/5) Lair:5
    Orc (2/2) D:10            Elf (1/3) Orc:2

Altars:
Ashenzari
Cheibriados
Dithmenos
Elyvilon
Fedhas
Gozag
Hepliaklqana
Kikubaaqudgha
Makhleb
Nemelex Xobeh
Okawaru
Qazlal
Ru
Sif Muna
Trog
Uskayaw
Vehumet
Wu Jian
Xom
Yredelemnul
Zin
The Shining One
Jiyva

Shops:
D:2 !   D:7 :(   D:8 *:   D:10 ?   Orc:2 [[(

Annotations:
Lair:2 1 runed translucent door
Lair:5 1 runed translucent door
Elf:1 3 runed translucent doors, PaiMei's ghost, adept DsNe


Innate Abilities, Weirdness & Mutations

You regain HP and MP as you explore.


Message History

* * * LOW HITPOINT WARNING * * *
You shoot a bolt.
The bolt hits the ghostly deep elf knight!!
The ghostly deep elf knight is severely damaged.
The ghostly deep elf knight casts a spell.
The ghostly deep elf knight flickers and vanishes!
Deactivating autopickup; reactivate with Ctrl-A.
The ghostly deep elf death mage beckons forth restless souls!
The deep elf zephyrmancer casts a spell.
The deep elf zephyrmancer blinks!
Your ice beast hits something.
Your ice beast freezes something!
Something barely misses you.
The ghostly deep elf death mage hits you but does no damage.
As you read the scroll of teleportation, it crumbles to dust.
You feel strangely unstable.
Your ice beast closely misses something.
You hear some strange, mumbled words.
A shard of ice appears from out of thin air!
The shard of ice misses you.
The shard of ice hits the ghostly deep elf death mage!!!
The ghostly deep elf death mage hits you but does no damage.
You shoot a bolt.
You feel ready to blink again.
Your ice beast hits something.
Sif Muna accepts your kill.
Reactivating autopickup.
You feel a bit more experienced.
The ghostly deep elf death mage completely misses you.
You block the ghostly deep elf death mage's attack.
You swap places.
The deep elf zephyrmancer casts a spell.
The deep elf zephyrmancer blinks!
Your ice beast hits the ghostly deep elf death mage.
Your ice beast freezes the ghostly deep elf death mage!
The ghostly deep elf death mage casts a spell at you.
The bolt of negative energy hits your ice beast!!
Your ice beast is drained!
Your ice beast dies!
Your ice beast disappears in a puff of smoke!
The bolt of negative energy hits you!!!
You feel drained.
You die...

#โ‰ˆโ‰ˆโ‰ˆ~~~~~~#
.........# #.....+
#.8...# ##..e*##
##'###(*# ##.##
#e#.# ## . #e##
#ยง##.###.###.#
#.....##
#@###+...... ...
#......
#.##....... ....
#...e..
#.##.....#########
#......
#.##.....#.......#
##.....+#
#.##.....#.:# #..#
##...##.#
#.##.....#.!###..+
##+# #.#
#.####...#ee.....+
#.##.#
##..#W(###..+
#.#'##
#...#(.###..#


You could see a ghostly deep elf death mage (corroded), a deep elf zephyrmancer,
2 lost souls and a +7 war axe of venom.

Vanquished Creatures
  An orc warlord (Orc:2)
  2 hydras (Lair:5)
  A boulder beetle (Lair:5)
  2 two-headed ogres
  8 death yaks
  An orc high priest (Orc:2)
  A dancing weapon (Elf:1)
  Urug (Orc:1)
  2 deep elf knights (Elf:1)
  A goliath frog (Lair:3)
  A deep elf archer (Elf:1)
  A harpy (shapeshifter) (Elf:1)
  4 deep elf zephyrmancers (Elf:1)
  An orc sorcerer (Orc:2)
  2 cyclopes
  6 deep elf pyromancers
  3 meliai (D:12)
  8 black mambas
  4 elephants
  6 kobold blastminers (Orc:2)
  Joseph (D:9)
  An unseen horror (D:11)
  7 cane toads
  5 nameless horrors
  5 komodo dragons
  4 rime drakes
  4 trolls
  A queen bee (D:12)
  3 polar bears
  Grinder (D:6)
  7 blink frogs
  3 hornets
  6 dream sheep (Lair:5)
  2 shadows (D:11)
  A water elemental (Elf:1)
  10 wyverns
  A vampire (D:12)
  57 yaks
  A basilisk (Lair:4)
  3 wargs (Orc:2)
  3 steam dragons
  4 redbacks
  Edmund (D:4)
  15 water moccasins
  A swamp drake (Lair:3)
  22 orc warriors
  A sky beast (D:7)
  A black bear (Lair:2)
  6 ogres
  6 wolves (Lair:2)
  5 centaurs
  A phantom (D:6)
  9 bullfrogs
  3 kobold brigands
  10 scorpions
  4 wights (D:10)
  32 killer bees
  2 vampire bats (Orc:2)
  8 howler monkeys
  2 bombardier beetles
  6 jellies
  10 orc priests
  2 hounds (D:5)
  2 sleepcaps (D:6)
  4 gnoll boudas
  3 iguanas
  17 orc wizards
  A hell rat (D:11)
  Robin (D:3)
  10 gnolls
  6 adders
  3 shadow imps
  4 white imps
  5 ufetubi
  4 dart slugs
  70 orcs
  6 ball pythons
  5 bats
  4 endoplasms
  5 giant cockroaches
  21 goblins
  15 hobgoblins
  2 quokkas
  A frilled lizard (D:2)
  21 kobolds
  5 rats
  2 butterflies (D:11)
550 creatures vanquished.

Vanquished Creatures (collateral kills)
  An orc warlord (Orc:2)
  2 catoblepae
  2 hydras
  A boulder beetle (D:11)
  A death yak (Lair:4)
  An orc high priest (Orc:2)
  A deep elf knight (Elf:1)
  2 orc knights
  A deep elf archer (Elf:1)
  A deep elf zephyrmancer (Elf:1)
  2 orc sorcerers (Orc:2)
  2 wolf spiders
  5 elephants
  A guardian serpent (Lair:5)
  A black mamba (Lair:5)
  3 cane toads
  3 komodo dragons
  A polar bear (Lair:3)
  4 blink frogs
  7 dream sheep (Lair:5)
  A culicivora (Lair:2)
  5 wyverns
  11 yaks
  2 redbacks (Lair:5)
  An acid dragon (D:12)
  2 water moccasins (Lair:5)
  6 orc warriors
  2 centaurs (Lair:1)
  A scorpion (D:11)
  3 killer bees
  An orc priest (Orc:2)
  An orc wizard (Orc:2)
  5 hell rats (Lair:2)
  3 adders
  2 dart slugs
  18 orcs
  2 giant cockroaches
  A goblin (D:3)
  3 hobgoblins (Orc:1)
  A quokka (D:2)
  A bat (Orc:2)
  A frilled lizard (D:2)
  A rat (D:2)
116 creatures vanquished.

Vanquished Creatures (others)
  2 killer bees (D:9)
  A kobold (D:9)
3 creatures vanquished.

Grand Total: 669 creatures vanquished

Notes
Turn   | Place    | Note
-------+----------+-------------------------------------------
     0 | D:1      | newgorp the Human Hedge Wizard began the quest for the Orb.
     0 | D:1      | Reached XP level 1. HP: 13/13 MP: 4/4
   528 | D:1      | Reached XP level 2. HP: 19/19 MP: 3/6
   558 | D:1      | Learned a level 2 spell: Call Imp
   561 | D:1      | Learned a level 2 spell: Blink
  1361 | D:2      | Reached XP level 3. HP: 25/25 MP: 5/8
  1365 | D:2      | Learned a level 3 spell: Mephitic Cloud
  1367 | D:2      | Learned a level 1 spell: Slow
  1926 | D:2      | Reached XP level 4. HP: 31/31 MP: 1/9
  2108 | D:2      | Found Wihees's Distillery.
  2128 | D:2      | Bought a potion of degeneration for 13 gold pieces
  2128 | D:2      | Bought a potion of curing for 39 gold pieces
  2539 | D:2      | Bought a potion of heal wounds for 65 gold pieces
  3088 | D:3      | Noticed Robin
  3099 | D:3      | Reached XP level 5. HP: 36/36 MP: 5/11
  3099 | D:3      | Killed Robin
  3100 | D:3      | Reached skill level 1 in Axes
  3399 | D:3      | Found an iron altar of Okawaru.
  3399 | D:3      | Found a hide-covered altar of Uskayaw.
  3477 | D:3      | Reached skill level 1 in Fighting
  3622 | D:3      | Found a faded altar of an unknown god.
  3626 | D:3      | Found a shadowy altar of Dithmenos.
  3836 | D:3      | Learned a level 2 spell: Ensorcelled Hibernation
  3850 | D:4      | Found a burning altar of Makhleb.
  3898 | D:4      | Reached skill level 1 in Throwing
  3915 | D:4      | Reached skill level 1 in Ranged Weapons
  3915 | D:4      | Reached XP level 6. HP: 27/43 MP: 7/12
  4093 | D:4      | Identified the +0 robe of Watchfulness {Fly rPois Will+}
  4120 | D:4      | Found a bloodstained altar of Trog.
  4124 | D:4      | Noticed Edmund
  4176 | D:4      | Killed Edmund
  4225 | D:2      | Bought a potion of enlightenment for 65 gold pieces
  4907 | D:4      | Reached skill level 1 in Alchemy
  4909 | D:4      | Reached skill level 2 in Ranged Weapons
  4987 | D:4      | Learned a level 2 spell: Static Discharge
  4988 | D:5      | Entered Level 5 of the Dungeon
  5021 | D:5      | Reached skill level 1 in Maces & Flails
  5021 | D:5      | Reached XP level 7. HP: 48/48 MP: 7/13
  5262 | D:5      | Found a staircase to the Ecumenical Temple.
  5272 | Temple   | Entered the Ecumenical Temple
  5281 | Temple   | Became a worshipper of Sif Muna the Loreminder
  6278 | D:6      | Reached skill level 1 in Air Magic
  6286 | D:6      | Reached XP level 8. HP: 43/55 MP: 1/15
  6286 | D:6      | Noticed Grinder
  6294 | D:6      | Paralysed by Grinder for 4 turns
  6306 | D:6      | Killed Grinder
  6507 | D:6      | Reached skill level 1 in Evocations
  6574 | D:6      | Noticed a yak
  6588 | D:6      | Killed a yak
  6620 | D:6      | Noticed a yak
  6623 | D:6      | Noticed a yak
  6623 | D:6      | Noticed a yak
  6632 | D:6      | Reached * piety under Sif Muna
  6695 | D:6      | Killed a yak
  6702 | D:6      | Killed a yak
  6703 | D:6      | Reached XP level 9. HP: 56/62 MP: 5/16
  6723 | D:6      | Found a sand-covered staircase.
  7018 | D:6      | Reached skill level 5 in Spellcasting
  7369 | D:6      | Learned a level 3 spell: Fugue of the Fallen
  7407 | D:7      | Reached skill level 3 in Ranged Weapons
  7554 | D:7      | Found Rial's Weapon Boutique.
  7563 | D:7      | Bought a +0 shortbow of flaming for 103 gold pieces
  7701 | D:7      | Found a stormy altar of Qazlal.
  7733 | D:7      | Reached skill level 5 in Maces & Flails
  8339 | D:7      | Found Laassun's Book Shop.
  8702 | D:8      | Reached skill level 4 in Ranged Weapons
  8711 | D:8      | Reached ** piety under Sif Muna
  8729 | D:8      | Reached skill level 1 in Shields
  8997 | D:8      | Found Cebahire's General Store.
  8998 | D:8      | Found Renezxobb's Specific Store.
  9126 | D:8      | Reached skill level 1 in Ice Magic
  9282 | D:8      | Noticed a hornet
  9293 | D:8      | Killed a hornet
  9294 | D:8      | Reached skill level 1 in Hexes
  9294 | D:8      | Reached XP level 10. HP: 53/70 MP: 7/18
  9298 | D:8      | Noticed a two-headed ogre
  9310 | D:8      | Reached skill level 5 in Ranged Weapons
  9319 | D:8      | Killed a two-headed ogre
  9643 | D:8      | Found Feriucin's Book Boutique.
  9657 | D:8      | Learned a level 4 spell: Summon Lightning Spire
 10133 | D:9      | Reached skill level 6 in Ranged Weapons
 10141 | D:9      | Reached *** piety under Sif Muna
 10160 | D:9      | Reached skill level 5 in Stealth
 10306 | D:9      | Reached skill level 5 in Fighting
 10336 | D:9      | Noticed Joseph
 10375 | D:9      | Killed Joseph
 10376 | D:9      | Reached skill level 5 in Dodging
 10809 | D:9      | Noticed a two-headed ogre
 10821 | D:9      | Killed a two-headed ogre
 10822 | D:9      | Reached XP level 11. HP: 80/80 MP: 11/20
 11332 | D:9      | Noticed a nameless horror
 11341 | D:9      | Killed a nameless horror
 11598 | D:10     | Entered Level 10 of the Dungeon
 11621 | D:10     | Reached skill level 7 in Ranged Weapons
 11810 | D:10     | Found a radiant altar of Vehumet.
 11842 | D:10     | Found a snail-covered altar of Cheibriados.
 11845 | D:10     | Found a staircase to the Orcish Mines.
 12255 | D:10     | Found Ticle's Magic Scroll Shop.
 12258 | D:10     | Bought a scroll of blinking for 112 gold pieces
 12259 | D:10     | Identified a scroll of acquirement
 12260 | D:10     | Bought a scroll of teleportation for 45 gold pieces
 12260 | D:10     | Bought a scroll of fear for 60 gold pieces
 12260 | D:10     | Bought a scroll of teleportation for 45 gold pieces
 12260 | D:10     | Bought a scroll of identify for 30 gold pieces
 12263 | D:10     | Acquired 1002 gold pieces
 12267 | D:10     | Bought a scroll of identify for 30 gold pieces
 12267 | D:10     | Bought a scroll of enchant armour for 112 gold pieces
 12267 | D:10     | Bought 3 scrolls of poison for 180 gold pieces
 12449 | D:2      | Bought 2 potions of haste for 260 gold pieces
 12449 | D:2      | Bought a potion of curing for 39 gold pieces
 12449 | D:2      | Bought a potion of curing for 39 gold pieces
 12602 | D:8      | Bought a wand of acid (3) for 176 gold pieces
 13549 | D:11     | Noticed a cyclops
 13570 | D:11     | Killed a cyclops
 13715 | D:11     | Reached **** piety under Sif Muna
 13755 | D:11     | Found a runed translucent door.
 13757 | D:11     | Found a runed translucent door.
 13845 | D:11     | Noticed a death yak
 13962 | D:11     | Noticed a death yak
 14497 | D:11     | Noticed a boulder beetle
 14565 | D:11     | Killed a boulder beetle
 14566 | D:11     | Reached skill level 8 in Ranged Weapons
 14800 | D:11     | Found a staircase to the Lair.
 14821 | D:11     | Noticed a death yak
 14851 | D:11     | Killed a death yak
 14856 | D:11     | Killed a death yak
 14859 | D:11     | Killed a death yak
 14860 | D:11     | Reached XP level 12. HP: 53/89 MP: 5/22
 15394 | Lair:1   | Entered Level 1 of the Lair of Beasts
 15763 | Lair:1   | Reached skill level 1 in Polearms
 15989 | Lair:1   | Learned a level 4 spell: Airstrike
 16173 | Lair:1   | Found a sacrificial altar of Ru.
 16791 | Lair:2   | Reached skill level 9 in Ranged Weapons
 17149 | Lair:2   | Reached ***** piety under Sif Muna
 17466 | Lair:2   | Noticed a catoblepas
 17466 | Lair:2   | Noticed a dire elephant
 17488 | Lair:2   | Found a runed translucent door.
 17560 | Lair:2   | Noticed an eight-headed hydra
 17578 | Lair:2   | Killed an eight-headed hydra
 17961 | Lair:2   | Found a hole to the Spider Nest.
 18242 | Lair:2   | Reached XP level 13. HP: 96/96 MP: 16/25
 19019 | Lair:3   | Reached skill level 5 in Air Magic
 19432 | Lair:3   | Reached skill level 5 in Alchemy
 20484 | Lair:3   | Found a staircase to the Swamp.
 20739 | Lair:4   | You are sucked into a shaft and drop 1 floor!
 20739 | Lair:5   | Entered Level 5 of the Lair of Beasts
 20739 | Lair:5   | Found a runed translucent door.
 21337 | Lair:4   | Found a basalt altar of Yredelemnul.
 21446 | Lair:4   | Reached skill level 10 in Ranged Weapons
 22311 | D:12     | Reached skill level 5 in Conjurations
 23611 | D:12     | Found a shimmering altar of Xom.
 23657 | D:12     | Learned a level 3 spell: Summon Ice Beast
 23852 | Orc:1    | Entered Level 1 of the Orcish Mines
 24432 | Orc:2    | Entered Level 2 of the Orcish Mines
 24635 | Orc:2    | Found a staircase to the Elven Halls.
 24673 | Orc:2    | Reached XP level 14. HP: 87/105 MP: 24/27
 24862 | Orc:2    | Received a gift from Sif Muna
 24863 | Orc:2    | Got Sif Muna's Omnibus of Companions and Attacks {god gift}
 24899 | Orc:2    | Found Karost's Armour Shoppe.
 25596 | Orc:2    | Reached skill level 11 in Ranged Weapons
 25653 | Orc:2    | Found Xillenky's Magic Scroll Shoppe.
 25679 | Orc:2    | Bought a scroll of enchant weapon for 112 gold pieces
 25679 | Orc:2    | Bought a scroll of poison for 60 gold pieces
 25679 | Orc:2    | Bought a scroll of blinking for 112 gold pieces
 25679 | Orc:2    | Bought a scroll of teleportation for 45 gold pieces
 25680 | Orc:2    | Bought a scroll of fog for 60 gold pieces
 25870 | Orc:2    | Noticed an orc warlord
 25884 | Orc:2    | Killed an orc warlord
 25957 | Orc:2    | Found Foaloli's Antique Armour Boutique.
 25968 | Orc:2    | Found Voupneim's Antique Weapon Shop.
 26227 | Orc:1    | Noticed an orc warlord
 26232 | Orc:1    | Noticed Urug
 26240 | Orc:2    | Killed an orc warlord
 27381 | Orc:1    | Killed Urug
 27591 | Orc:1    | Learned a level 5 spell: Irradiate
 30183 | Lair:5   | Reached skill level 5 in Summonings
 30271 | Lair:5   | Received a gift from Sif Muna
 31930 | Lair:5   | Reached skill level 12 in Ranged Weapons
 31973 | Lair:5   | Found a viscous altar of Jiyva.
 31973 | Lair:5   | Noticed an acid blob
 31974 | Lair:5   | Noticed an acid blob
 31974 | Lair:5   | Noticed an acid blob
 31975 | Lair:5   | Found a staircase to the Slime Pits.
 32412 | Lair:5   | Reached XP level 15. HP: 90/113 MP: 24/28
 32836 | Lair:5   | Reached skill level 10 in Spellcasting
 33160 | Lair:5   | Got Sif Muna's Handbook of Gases {god gift}
 33753 | Lair:5   | HP: 4/113 [guardian serpent (3)]
 34378 | Elf:1    | Entered Level 1 of the Elven Halls
 35171 | Elf:1    | Noticed PaiMei's ghost (adept DsNe)
 35173 | Elf:1    | Found a runed translucent gate.
 35173 | Elf:1    | Found a runed translucent gate.
 35173 | Elf:1    | Found a runed translucent gate.
 35286 | Elf:1    | Received a gift from Sif Muna
 35287 | Elf:1    | Got Sif Muna's Exposition on Turbulence and Burning {god
                  | gift}
 35387 | Elf:1    | Reached skill level 13 in Ranged Weapons
 35434 | Elf:1    | Killed from afar by a ghostly deep elf death mage

Illustrated notes

Levels and vault maps discovered:
D:1:      dpeg_arrival_court, layout_loops_ring,
          nicolae_concentric_dashed_squares_mild
D:2:      layout_loops_cross, serial_shops, shop
D:3:      layout_basic, nicolae_overflow_ecumenical_swirl,
          nicolae_overflow_two_pavilions, serial_curves, eino_curves_02,
          eino_curves_01, minmay_between, uniq_robin
D:4:      layout_loops_cross, old_standard_altar, bloody_trog,
          kennysheep_generic_room_8, uniq_edmund
D:5:      layout_loops_ring, temple_statues, saegor_snake_ambush
D:6:      layout_basic, enter_ossuary_1, minmay_strange_pillars,
          minmay_ogre_servants, uniq_grinder
D:7:      layout_loops_ring, nicolae_qazlal_beasts_of_the_sky, serial_demonic,
          serial_demonic_d, serial_demonic_f, serial_demonic_f,
          serial_demonic_g, serial_shops, shop,
          nicolae_shop_bloodbath_and_beyond
D:8:      layout_basic, serial_shops, shop, nicolae_specific_store,
          minmay_circle_x
D:9:      layout_loops_ring, dk_noncrumbling_2, grunt_ogre_cave, uniq_joseph
D:10:     layout_rooms, mainiacjoe_overflow_brackets, vehumet_altar_wand_db,
          serial_shops, nicolae_shop_rolled_up
D:11:     lemuel_insect_pit, layout_long_grid, dpeg_lair_monsters
D:12:     layout_rooms, special_room [special_room_bee], nicolae_eternal_life,
          regret_index_xom_buried_treasure, nicolae_tricolors
Temple:   eino_temple_lava
Lair:1:   layout_loops_ring, lemuel_centaur_altar
Lair:2:   gammafunk_lair_enchanted_lake, layout_loops_ring,
          spider_nest_entry_funnel_web, lemuel_fruit_fields
Lair:3:   layout_loops_ring, mainiacjoe_swamp_entry_lozenge_pond,
          beast_lair_carwin_2, grunt_megastairs_5, infiniplex_staircase_pool,
          lemuel_fruit_fields
Lair:4:   layout_cave_pods, basic_altar, dreamdust_gnoll_shepherd,
          lemuel_fruit_tree
Lair:5:   hangedman_lair_tendril_chambers, layout_layer_cave, slime_entry_2,
          chequers_serial_rivers_micro_d
Orc:1:    cheibrodos_orc_bank, layout_diamond_mine, uniq_urug
Orc:2:    grunt_orc_community_town_hall, layout_diamond_mine,
          grunt_orc_community_big_house_1, grunt_orc_community_big_house_1,
          grunt_orc_community_house_2, grunt_orc_community_house_3,
          grunt_orc_community_house_1, grunt_orc_community_house_3,
          grunt_orc_community_house_3, grunt_orc_community_house_2,
          roderic_batcave, nicolae_orc_stony_grotto
Elf:1:    eino_elf_arrival_sip, layout_geoelf_diagonals, gammafunk_ghost_split,
          evilmike_minifort, grunt_megastairs_4, uniq_asterion

Skill      XL: |  1  2  3  4  5  6  7  8  9 10 11 12 13 14 15 |
---------------+----------------------------------------------+-----
Spellcasting   | 4 5 6 8 9 10 | 10.4
Summonings     | 2 3 4 5 |  5.5
Axes           | 1 2 |  2.0
Fighting       | 1 2 3 5 6 7 8 9 |  9.5
Throwing       | 1 2 3 4 |  4.1
Ranged Weapons | 1 2 4 6 8 9 10 12 13 | 13.0
Alchemy        | 1 2 3 4 5 6 |  6.2
Conjurations   | 2 3 4 5 |  5.8
Maces & Flails | 1 2 4 5 6 7 |  7.3
Air Magic      | 1 2 3 4 6 7 8 |  8.2
Stealth        | 4 5 6 7 |  7.0
Evocations     | 1 2 |  2.2
Dodging        | 3 4 5 6 7 |  7.5
Translocations | 2 |  2.7
Shields        | 1 2 3 |  3.8
Ice Magic      | 1 2 |  2.1
Hexes          | 1 2 |  2.8
Polearms       | 1 |  1.5
Short Blades   | |  0.1

Action                     |  1- 3 |  4- 6 |  7- 9 | 10-12 | 13-15 || total
---------------------------+-------+-------+-------+-------+-------++-------
  Melee: Dagger            |     9 |       |       |       |       ||     9
         Spear             |    50 |    25 |       |       |       ||    75
         War axe           |     6 |    65 |       |       |       ||    71
         Flail             |       |    12 |   140 |   159 |   112 ||   423
         Punch             |       |       |     1 |     1 |     2 ||     4
         Halberd           |       |       |       |     3 |     2 ||     5
   Fire: Sling             |       |    52 |    22 |       |       ||    74
         Shortbow          |       |       |    76 |   305 |   158 ||   539
         Arbalest          |       |       |       |       |   442 ||   442
  Throw: Boomerang         |       |    37 |    44 |    31 |    14 ||   126
         Dart              |       |       |     1 |       |       ||     1
         Throwing net      |       |       |       |     2 |       ||     2
   Cast: Magic Dart        |    23 |    18 |     6 |     1 |     3 ||    51
         Call Imp          |     9 |     5 |     3 |     2 |       ||    19
         Mephitic Cloud    |       |     9 |    36 |    59 |   106 ||   210
         Slow              |       |     3 |     5 |     6 |     7 ||    21
         Ensorcelled Hiber |       |     3 |    12 |     8 |     3 ||    26
         Blink             |       |     1 |     2 |     3 |    26 ||    32
         Static Discharge  |       |       |     6 |     6 |     4 ||    16
         Summon Lightning  |       |       |       |    19 |    70 ||    89
         Airstrike         |       |       |       |       |    15 ||    15
         Summon Ice Beast  |       |       |       |       |     7 ||     7
  Evoke: Wand              |       |       |    16 |     5 |    10 ||    31
    Use: Scroll            |       |    11 |    10 |    11 |    11 ||    43
         Potion            |       |     1 |       |     7 |    15 ||    23
   Stab: Sleeping          |     3 |       |       |     1 |       ||     4
         Confused          |       |     3 |     7 |    14 |     3 ||    27
         Distracted        |       |     1 |       |       |     2 ||     3
         Paralysed         |       |       |    11 |       |       ||    11
 Armour: Robe              |    19 |    49 |   120 |   166 |   412 ||   766
         Animal skin       |       |    27 |    14 |       |       ||    41
  Dodge: Dodged            |    32 |    67 |   138 |   156 |   404 ||   797
  Block: Other             |       |       |    30 |    60 |   117 ||   207
         Reflection        |       |       |     2 |     4 |     3 ||     9
